 Dungeon Crawl Stone Soup version 0.25.0-9-g26727b657a (webtiles) character file.

Game seed: 1724250668305696371

22 MackDuck the Slasher (level 2, 0/29 HPs)
             Began as a Gnoll Berserker on June 19, 2020.
             Was a Follower of Trog.
             Succumbed to an adder's poison
             ... on level 1 of the Dungeon.
             The game lasted 00:08:43 (381 turns).

MackDuck the Slasher (Gnoll Berserker)               Turns: 381, Time: 00:08:43

Health: 0/29       AC:  4    Str: 19    XL:     2   Next: 91%
Magic:  2/2        EV: 14    Int:  9    God:    Trog [*.....]
Gold:   17         SH:  3    Dex: 14    Spells: 2/2 levels left

rFire    . . .     SeeInvis .   a - +0 falchion
rCold    . . .     Gourm    .   d - +0 buckler
rNeg     . . .     Faith    .   b - +0 animal skin
rPois    .         Spirit   .   (no helmet)
rElec    .         Reflect  .   h - scarf {+Inv}
rCorr    .         Harm     .   e - +1 pair of gloves
MR       .....                  (no boots)
Stlth    ++........             (no amulet)
HPRegen  0.09/turn              (no ring)
MPRegen  0.08/turn              (no ring)

@: mighty, lethally poisoned (0 -> -3), about to teleport
A: distributed training, fangs 1, strong nose
a: Berserk, Renounce Religion, Evoke Invisibility


You were on level 1 of the Dungeon.
You worshipped Trog.
Trog was aware of your devotion.
You were not hungry.

You visited 1 branch of the dungeon, and saw 2 of its levels.

You collected 17 gold pieces.

Inventory:

Hand Weapons
 a - a +0 falchion (weapon)
Missiles
 j - 12 poisoned darts (quivered)
Armour
 b - a +0 animal skin (worn)
 d - a +0 buckler (worn)
 e - a +1 pair of gloves (worn)
 h - a scarf of invisibility (worn)
Jewellery
 i - a cursed ring of teleportation {unknown}
Scrolls
 g - a scroll of teleportation
Comestibles
 c - 2 rations


   Skills:
 + Level 6.5 Fighting
 + Level 0.5 Short Blades
 + Level 6.5 Long Blades
 + Level 0.5 Axes
 + Level 0.5 Maces & Flails
 + Level 0.5 Polearms
 + Level 0.5 Staves
 + Level 0.5 Slings
 + Level 0.5 Bows
 + Level 0.5 Crossbows
 + Level 0.5 Throwing
 + Level 4.5 Armour
 + Level 4.5 Dodging
 + Level 0.5 Stealth
 + Level 0.5 Shields
 + Level 0.5 Unarmed Combat
 + Level 0.5 Spellcasting
 + Level 0.4 Conjurations
 + Level 0.4 Hexes
 + Level 0.4 Charms
 + Level 0.4 Summonings
 + Level 0.4 Necromancy
 + Level 0.4 Translocations
 + Level 0.4 Transmutations
 + Level 0.4 Fire Magic
 + Level 0.4 Ice Magic
 + Level 0.4 Air Magic
 + Level 0.4 Earth Magic
 + Level 0.4 Poison Magic
 + Level 0.7 Invocations
 + Level 0.5 Evocations


You had 2 spell levels left.
You didn't know any spells.
Your spell library was empty.

Dungeon Overview and Level Annotations

Branches:
Dungeon (2/15)

Altars:


Innate Abilities, Weirdness & Mutations

Your experience applies equally to all skills.
You have very sharp teeth.
Your uncanny sense of smell can sniff out nearby items.


Message History

The adder closely misses you.
You completely miss the adder.
The adder is heavily wounded.
* * * LOW HITPOINT WARNING * * *
You feel sick. The giant cockroach closely misses you.
You riposte.
You slice the giant cockroach!!
You kill the giant cockroach!
Trog accepts your kill. The adder bites you but does no damage.
You miss the adder. Your bite misses the adder.
The adder is heavily wounded.
The adder bites you but does no damage.
You hit the adder.
You kill the adder!
Trog accepts your kill.
As you read the scroll labeled UJEANW RASHEPP, it crumbles to dust.
You feel blessed for a moment.
It was a scroll of remove curse.
As you read the scroll labeled EKEUTAS ENWERI, it crumbles to dust.
You feel strangely unstable.
It was a scroll of teleportation.
You die...

#.....# #.....# #.....#
#....... #.....#
#.......## #.....#
........# #.....# ##
#...##.#
#.....##.#####...##.##
#..>..†@.............###
###.....................
#.####.....#.#....#.##
#.. ####.# #.#...... #.#
......#........ #..
#.####)..###.. ∆#..
#.......## #.. #.r
#######.#########.
#.....#.........#.


There were no monsters in sight!

Vanquished Creatures
  An adder (D:1)
  A dart slug (D:1)
  2 giant cockroaches (D:1)
  A goblin (D:1)
  A ball python (D:1)
  2 bats (D:1)
  A frilled lizard (D:1)
  2 kobolds (D:1)
  2 rats
13 creatures vanquished.

Notes
Turn   | Place    | Note
-------+----------+-------------------------------------------
     0 | D:1      | MackDuck the Gnoll Berserker began the quest for the Orb.
     0 | D:1      | Reached XP level 1. HP: 23/23 MP: 1/1
   275 | D:1      | Reached XP level 2. HP: 26/29 MP: 2/2
   328 | D:1      | You fall into a shaft and drop 1 floor!
   374 | D:1      | HP: 1/29 [poisoned by an adder]
   381 | D:1      | Succumbed to an adder's poison

Illustrated notes

Levels and vault maps discovered:
D:1:      onia_arrival_mini_maze, layout_basic
D:2:      layout_rooms, first_ration, kennysheep_another_room, uniq_natasha

Action                   || total
-------------------------++-------
Melee: Falchion          ||    23
       Bite              ||     5
  Use: Scroll            ||     2
       Potion            ||     1
Armor: Animal skin       ||     6
Dodge: Dodged            ||    21
Block: Buckler           ||     2
       Rpst.: Falchion   ||     9
